cohdb
Replays
Latest Replays
All Replays
Popular Replays
Top Player Replays
Match Explorer
How It Works
Community
CoH3 Stats
Reddit
Sign in to upload your games and track your stats! →
Sign in with Steam
Match 38242853
Unlisted
Match 38242853
Overview
Messages
Build Orders
End
Kradschützen Motorcycle Team
Selects Armored Support Battlegroup
Panzergrenadier Squad
Panzergrenadier Squad
250 Light Carrier
Panzergrenadier Squad
Construct Light Support Kompanie
Panzerpioneer Squad
Panzerjäger Mechanized Group
Combat Half-tracks
Fire Support Elements
Construct Mechanized Kompanie
Wrathment
Burgher
0
0
Comments
sign in to comment!
No comments posted yet!